Map: Shrines of Lizul

Players

Myran

  • Race: Protoss Protoss
  • Spawn Location: 6:00

Scaramanga

  • Race: Terran Terran
  • Spawn Location: 12:00

dallaskuken

  • Race: Protoss Protoss
  • League: Platinum
  • Spawn Location: 3:00

Loken

  • Race: Zerg Zerg
  • League: Platinum
  • Spawn Location: 9:00

VOD

Have the link to the VOD?

Description

Time

  • Played on: March 15, 2017, 7:40 p.m.
  • Length: 14:33
Show
View Real Time Build Order
Export as new Build Order

Myran Protoss 

Build Orders:  

Get SALT Encoding   

  12  0:01  Probe (Chrono Boost)  
  13  0:13  Probe (Chrono Boost)  
  14  0:24  Pylon  
  14  0:35  Probe (Chrono Boost)  
  15  0:38  Pylon  
  15  0:49  Forge  
  15  1:07  Probe (Chrono Boost)  
  16  1:18  Probe (Chrono Boost)  
  17  1:24  Photon Cannon  
  17  1:34  Probe (Chrono Boost)  
  18  1:45  Probe (Chrono Boost)  
  19  1:54  Pylon  
  19  1:56  Probe (Chrono Boost)  
  20  2:18  Photon Cannon  
  20  2:21  Probe (Chrono Boost)  
  21  2:32  Probe (Chrono Boost)  
  22  3:07  Photon Cannon  
  22  3:10  Probe (Chrono Boost)  
  23  3:16  Photon Cannon  
  23  3:21  Probe (Chrono Boost)  
  24  3:27  Pylon  
  24  3:34  Probe (Chrono Boost)  
  25  3:40  Gateway  
  25  3:46  Probe (Chrono Boost)  
  26  3:56  Pylon  
  26  4:00  Photon Cannon  
  26  4:12  Photon Cannon  
  26  4:21  Probe (Chrono Boost)  
  26  4:24  Assimilator  
  27  4:28  Assimilator  
  27  4:36  Cybernetics Core  
  27  4:39  Probe (Chrono Boost)  
  28  4:46  Nexus  
  28  4:54  Probe (Chrono Boost)  
  29  5:05  Probe (Chrono Boost)  
  32  5:07  Warp Gate, Zealot  
  32  5:18  Pylon  
  32  5:33  Robotics Facility  
  32  5:40  Zealot  
  34  5:59  Probe (Chrono Boost)  
  35  6:07  Gateway  
  35  6:09  Probe (Chrono Boost)  
  35  6:10  Stalker  
  38  6:12  Pylon  
  38  6:20  Probe (Chrono Boost)  
  38  6:21  Warp Prism  
  41  6:30  Probe (Chrono Boost)  
  43  6:40  Probe (Chrono Boost)  
  43  6:41  Probe (Chrono Boost)  
  43  6:44  Stalker  
  46  6:51  Probe (Chrono Boost)  
  47  6:55  Stargate  
  39  7:34  Stalker  
  39  7:35  Stalker  
  43  7:47  Void Ray  
  47  8:10  Stalker x2  
  48  8:26  Nexus  
  48  8:36  Void Ray  
  52  8:50  Probe (Chrono Boost)  
  52  8:54  Assimilator  
  53  8:59  Assimilator  
  53  9:01  Probe (Chrono Boost)  
  54  9:07  Stalker  
  54  9:08  Stalker  
  58  9:11  Probe (Chrono Boost)  
  58  9:15  Pylon, Void Ray  
  59  9:21  Gateway  
  59  9:22  Probe (Chrono Boost)  
  64  9:26  Gateway  
  64  9:28  Pylon  
  64  9:33  Probe (Chrono Boost)  
  65  9:55  Phoenix  
  43  10:29  Phoenix  
  45  10:36  Stalker x2  
  49  10:50  Assimilator  
  49  10:51  Phoenix  
  49  10:52  Probe (Chrono Boost)  
  49  10:53  Assimilator  
  49  10:55  Probe (Chrono Boost)  
  53  11:02  Probe (Chrono Boost)  
  54  11:06  Probe (Chrono Boost)  
  55  11:12  Stargate x2  
  55  11:13  Probe (Chrono Boost)  
  55  11:17  Phoenix  
  48  11:48  Stalker x2  
  48  11:49  Stalker x2  
  53  12:00  Stargate  
  51  12:02  Stargate  
  51  12:05  Probe (Chrono Boost)  
  30  12:42  Pylon  
  30  12:45  Pylon  
  30  12:50  Probe (Chrono Boost)  
  31  12:55  Phoenix x2  
  35  13:01  Probe (Chrono Boost)  
  36  13:11  Probe (Chrono Boost)  
  37  13:18  Stalker x3  
  43  13:20  Phoenix  
  45  13:40  Phoenix  
  47  13:45  Phoenix  
  35  14:04  Phoenix  
  35  14:06  Stalker  
  35  14:09  Zealot x2  
  43  14:33  Zealot x3  
Show
View Real Time Build Order
Export as new Build Order

Scaramanga Terran 

Build Orders:  

Get SALT Encoding   

  12  0:00  SCV  
  13  0:13  SCV  
  14  0:18  Supply Depot  
  14  0:25  SCV  
  15  0:40  SCV  
  16  0:43  Barracks  
  16  0:52  SCV  
  17  0:58  Barracks  
  17  1:04  SCV  
  18  1:16  Barracks  
  18  1:17  SCV  
  19  1:24  Supply Depot  
  19  1:29  Marine  
  20  1:40  Orbital Command  
  20  1:46  Marine  
  21  1:47  Marine  
  22  2:04  Marine  
  22  2:07  Marine x2  
  25  2:15  SCV, Supply Depot  
  26  2:22  Marine  
  27  2:25  Marine x2  
  27  2:27  SCV  
  30  2:39  SCV  
  30  2:40  Marine  
  30  2:43  Marine x2  
  34  2:50  Supply Depot  
  34  2:51  SCV  
  34  2:58  Marine  
  34  3:00  Marine  
  34  3:01  Marine  
  34  3:02  Refinery  
  34  3:03  SCV  
  34  3:04  Refinery  
  35  3:28  SCV  
  36  3:40  Barracks Tech Lab  
  36  3:46  Command Center  
  36  3:54  Marine  
  36  3:55  Marine  
  38  3:57  SCV  
  39  4:03  Factory  
  39  4:09  SCV  
  40  4:11  Marauder  
  40  4:12  Marine x2  
  43  4:21  SCV  
  38  4:27  Concussive Shells  
  38  4:30  Marine x2  
  39  4:33  Marauder, SCV  
  40  4:45  SCV  
  41  4:51  Marine  
  41  4:52  Marine  
  43  4:54  Marauder  
  43  4:55  Starport  
  43  4:57  SCV  
  46  5:09  Marine  
  46  5:10  Combat Shields  
  46  5:13  Factory Reactor  
  47  5:18  Orbital Command  
  47  5:19  SCV  
  45  5:31  SCV  
  41  5:39  Marauder, Marine x2  
  40  5:43  SCV x2  
  39  5:55  SCV  
  39  5:56  SCV  
  39  5:57  Marine x2  
  41  6:01  Marauder  
  45  6:05  Medivac  
  45  6:06  Medivac  
  45  6:07  SCV, Hellion  
  45  6:08  SCV  
  53  6:14  Marine, Engineering Bay  
  53  6:15  Marine  
  53  6:17  Supply Depot  
  55  6:19  SCV  
  55  6:20  SCV  
  55  6:22  Marauder, Supply Depot  
  59  6:29  Hellion  
  59  6:32  SCV  
  62  6:37  Refinery  
  62  6:38  SCV, Marine x2  
  65  6:40  Engineering Bay  
  65  6:43  Marine  
  65  6:44  SCV  
  67  6:50  Hellion  
  67  6:51  SCV  
  70  6:56  SCV, Marine  
  70  6:59  Marine  
  75  7:01  Marauder  
  75  7:06  Medivac  
  75  7:08  Terran Infantry Weapons Level 1  
  77  7:14  Marine, Supply Depot  
  78  7:15  Supply Depot  
  78  7:17  Supply Depot  
  78  7:18  Medivac  
  78  7:19  Supply Depot  
  78  7:23  Marine  
  78  7:24  Marauder  
  73  7:32  Marine  
  73  7:46  Marauder, Marine  
  73  7:48  SCV x2  
  73  7:49  Marine  
  75  8:00  SCV  
  75  8:02  Command Center x2  
  75  8:04  Marine  
  75  8:05  Refinery  
  77  8:08  Marauder  
  79  8:19  SCV x2  
  81  8:21  Marine  
  81  8:22  Marine  
  81  8:26  Terran Infantry Armor Level 1  
  83  8:29  Marauder  
  83  8:30  Armory  
  83  8:31  SCV  
  86  8:34  Medivac, Supply Depot  
  86  8:35  Medivac, Supply Depot  
  86  8:39  Marine x2  
  84  8:44  SCV x2  
  86  8:51  Marauder  
  85  8:56  SCV, Marine  
  85  8:57  Marine  
  85  8:58  Supply Depot  
  85  9:00  Supply Depot  
  76  9:12  Marauder  
  76  9:14  Stimpack, Marine  
  76  9:15  Marine  
  76  9:32  Marine  
  76  9:33  Marine x2  
  79  9:50  Marine  
  79  9:51  Marine  
  76  10:02  SCV  
  76  10:05  Marine  
  76  10:08  Marine x2  
  76  10:09  Orbital Command  
  78  10:18  Terran Infantry Weapons Level 2  
  78  10:19  Terran Infantry Armor Level 2  
  78  10:23  Marine  
  78  10:25  Marine  
  78  10:27  Marauder  
  82  10:41  Marine  
  83  10:43  Marine  
  83  10:48  Marauder  
  86  10:52  Terran Vehicle Weapons Level 1  
  86  10:59  Marine  
  86  11:01  Refinery  
  87  11:15  Marine  
  87  11:16  Marine  
  87  11:17  Marine  
  90  11:33  Marine  
  90  11:34  Marauder, Marine  
  94  11:51  Marine  
  94  11:52  Marine  
  96  11:55  Marauder  
  96  11:59  Medivac x2  
  102  12:09  Marine  
  102  12:10  Marine  
  101  12:17  Marauder  
  94  12:27  Marine  
  94  12:28  Marine  
  94  12:29  Medivac x2  
  90  12:38  Marauder  
  82  12:45  Marine  
  82  12:46  Marine  
  78  12:59  Medivac x2  
  78  13:00  Marauder  
  78  13:02  Marine  
  78  13:03  Marine  
  83  13:17  SCV  
  65  13:20  Orbital Command, Marine  
  65  13:21  Marauder, Marine  
  60  13:29  SCV  
  61  13:38  Marine  
  61  13:39  Marine  
  63  13:42  Marauder  
  52  13:56  Marine  
  52  13:57  SCV x2, Marine  
  56  14:04  Marauder  
  56  14:09  SCV  
  60  14:14  Marine  
  60  14:15  Marine  
Show
View Real Time Build Order
Export as new Build Order

dallaskuken Protoss 

Build Orders:  

Get SALT Encoding   

  12  0:01  Probe (Chrono Boost)  
  13  0:20  Pylon  
  13  0:23  Probe (Chrono Boost)  
  14  0:34  Probe (Chrono Boost)  
  15  0:40  Pylon  
  15  0:52  Probe (Chrono Boost)  
  16  0:59  Forge  
  16  1:01  Pylon  
  16  1:24  Pylon  
  16  1:26  Probe (Chrono Boost)  
  17  1:32  Pylon  
  17  1:36  Probe (Chrono Boost)  
  18  1:43  Pylon  
  19  1:47  Probe (Chrono Boost)  
  19  1:51  Photon Cannon  
  19  1:54  Photon Cannon  
  19  2:02  Pylon  
  19  2:31  Photon Cannon  
  19  2:36  Photon Cannon  
  16  3:43  Nexus  
  16  3:48  Assimilator  
  16  3:51  Assimilator  
  16  4:39  Pylon  
  16  4:42  Pylon  
  16  5:06  Gateway  
  16  5:16  Probe (Chrono Boost)  
  17  5:26  Probe (Chrono Boost)  
  18  5:37  Probe (Chrono Boost)  
  19  5:47  Probe (Chrono Boost)  
  20  5:56  Cybernetics Core  
  20  6:05  Nexus  
  20  6:10  Probe (Chrono Boost)  
  21  6:19  Pylon  
  21  6:20  Probe (Chrono Boost)  
  22  6:31  Probe (Chrono Boost)  
  22  6:32  Warp Gate  
  23  6:39  Stargate  
  23  6:41  Probe (Chrono Boost)  
  24  6:50  Stalker  
  24  6:52  Probe (Chrono Boost)  
  27  7:02  Probe (Chrono Boost)  
  28  7:11  Stargate  
  28  7:13  Probe (Chrono Boost)  
  29  7:20  Stargate  
  30  7:22  Probe (Chrono Boost)  
  30  7:23  Probe (Chrono Boost)  
  31  7:33  Probe (Chrono Boost)  
  31  7:34  Probe (Chrono Boost)  
  33  7:42  Pylon  
  33  7:43  Probe (Chrono Boost)  
  34  7:44  Pylon, Probe (Chrono Boost)  
  35  7:54  Probe (Chrono Boost)  
  35  7:55  Assimilator, Probe (Chrono Boost)  
  35  7:57  Assimilator  
  37  8:02  Void Ray  
  37  8:05  Probe x2 (Chrono Boost)  
  43  8:06  Void Ray  
  47  8:15  Probe (Chrono Boost)  
  47  8:16  Probe (Chrono Boost)  
  49  8:28  Fleet Beacon  
  49  8:35  Void Ray  
  53  8:49  Void Ray  
  57  9:05  Void Ray  
  57  9:12  Void Ray  
  65  9:40  Void Ray  
  69  9:53  Nexus  
  69  10:03  Pylon  
  69  10:05  Pylon  
  69  10:10  Void Ray  
  69  10:13  Void Ray  
  65  10:34  Pylon  
  65  10:36  Forge  
  65  10:37  Carrier  
  71  10:49  Carrier, Pylon  
  71  10:50  Pylon  
  71  10:51  Pylon  
  73  11:42  Carrier  
  79  12:02  Carrier  
  80  12:20  Carrier  
  74  12:57  Carrier  
Show
View Real Time Build Order
Export as new Build Order

Loken Zerg 

Build Orders: Pool First 

Get SALT Encoding   

  12  0:01  Drone  
  13  0:13  Overlord  
  13  0:19  Drone  
  14  0:32  Drone  
  14  0:33  Drone  
  16  0:36  Drone  
  17  0:46  Spawning Pool  
  16  0:53  Drone, Extractor  
  17  1:04  Drone  
  17  1:12  Drone  
  18  1:19  Overlord  
  18  1:35  Roach Warren  
  18  1:36  Drone  
  18  2:02  Queen  
  20  2:15  Roach x3  
  26  2:27  Roach  
  24  3:08  Roach x3  
  24  3:10  Overlord  
  24  3:11  Overlord  
  30  3:29  Lair  
  30  3:34  Ravager  
  30  3:37  Zergling x2  
  30  3:38  Zergling x4  
  34  3:52  Roach  
  22  4:36  Roach x6  
  32  4:42  Spine Crawler  
  32  4:44  Spine Crawler  
  30  4:54  Hatchery  
  30  4:55  Roach x2  
  33  5:00  Hatchery  
  33  5:02  Drone x3  
  35  5:25  Drone  
  35  5:26  Drone  
  31  5:41  Ravager  
  28  5:53  Zergling x8  
  28  5:55  Metabolic Boost  
  32  6:12  Drone x4  
  32  6:17  Queen  
  32  6:18  Queen  
  40  6:30  Drone x5  
  45  6:40  Spore Crawler  
  45  6:43  Spore Crawler  
  43  6:52  Drone x2  
  43  6:53  Drone x3  
  48  7:13  Roach  
  48  7:14  Roach x4  
  58  7:16  Overlord x2  
  50  7:37  Zergling x2  
  50  7:38  Zergling x22  
  54  8:05  Spine Crawler  
  54  8:09  Roach  
  54  8:10  Roach x7  
  69  8:32  Extractor  
  68  8:45  Extractor  
  68  8:47  Extractor  
  66  8:50  Spore Crawler  
  53  9:07  Zergling x24  
  53  9:08  Zergling x8  
  69  9:14  Hydralisk Den  
  47  9:44  Hydralisk  
  47  9:45  Hydralisk x3  
  49  9:47  Drone x5  
  49  9:48  Drone x3  
  57  9:59  Drone  
  53  10:00  Drone x4  
  52  10:20  Hydralisk x4  
  60  10:35  Hydralisk  
  60  10:36  Hydralisk x2  
  60  10:38  Overlord  
  60  10:39  Overlord x8  
  66  10:58  Drone x8  
  74  11:06  Extractor, Hydralisk x3  
  74  11:07  Hydralisk x2, Extractor  
  82  11:20  Evolution Chamber  
  82  11:24  Evolution Chamber  
  80  11:30  Infestation Pit  
  80  11:32  Zergling x2  
  80  11:33  Zergling x22  
  91  11:42  Overseer x2  
  91  12:10  Muscular Augments  
  91  12:13  Zergling x26  
  91  12:14  Zergling x10  
  89  12:50  Hydralisk  
  89  12:51  Hydralisk x8  
  78  13:38  Hatchery  
  78  13:41  Hatchery  
  25  14:01  Zergling x20  
  25  14:02  Zergling x8  
  39  14:14  Drone  
  39  14:15  Drone  
Tags
 
Add a new tag
Caveats
  • Supply blocks, unpowered buildings, or Contaminate may cause inaccurate times.
  • Supply counts are checked every 10 seconds.